cohdb
Replays
Latest Replays
All Replays
Popular Replays
Top Player Replays
Match Explorer
How It Works
Community
CoH3 Stats
Reddit
Sign in to upload your games and track your stats! →
Sign in with Steam
90 % miss on p3
Match 15551320
Overview
Messages
Build Orders
End
Kradschützen Motorcycle Team
Panzergrenadier Squad
Panzergrenadier Squad
Construct Light Support Kompanie
Assault Grenadier Squad
Fire Support Elements
Flakvierling Half-track
Panzerjäger Mechanized Group
MG34 Team
Assault Grenadier Squad
Construct Panzerarmee Kommand
MG34 Team
Panzer III L Medium Tank
Selects Armored Support Battlegroup
Selects Veteran Gunners
Selects Vehicle Awareness
Selects Panzer Storm
Panzer III L Medium Tank
Selects Stuka Anti-tank Loiter
Vehicle Survival Package
2.5-tonne Medical Truck
2.5-tonne Medical Truck
Selects Flammpanzer III Medium Tank Sd.Kfz. 141
Panzer III L Medium Tank
Tungsten Core Ammunition
Panzerpioneer Squad
Armored Reserves
Rapid Advance
Stuka Anti-tank Loiter
Schmu
Kannamix
0
0
Comments
sign in to comment!
No comments posted yet!